 Dungeon Crawl Stone Soup version 0.24.0-13-gcf9b319 (webtiles) character file.

Game seed: 13634650686145115429, levelgen mode: deterministic

2263578 TheDoctor the Slayer (level 27, 224/291 HPs)
             Began as a Deep Dwarf Fighter on Nov 15, 2019.
             Was the Champion of Makhleb.
             Escaped with the Orb
             ... and 4 runes on Nov 16, 2019!
             The game lasted 04:52:29 (80231 turns).

TheDoctor the Slayer (Deep Dwarf Fighter)          Turns: 80231, Time: 04:52:30

Health: 224/291    AC: 50    Str: 46    XL:     27
Magic:  15/15 (24) EV: 29    Int: 10    God:    Makhleb [******]
Gold:   729        SH: 38    Dex: 24    Spells: 25/26 levels left

rFire    + + +     SeeInvis +   a - +8 mithril axe "Arga" {speed, MR+}
rCold    + + .     Gourm    .   G - +8 large shield {AC+3}
rNeg     + + +     Faith    .   b - +8 plate armour of the Gastropod {MR+++ MP-9 Slay+6 SInv}
rPois    +         Spirit   .   Q - +3 hat of Suosuwk {rPois rC- Dex+5}
rElec    .         Reflect  .   M - +3 cloak of Trumpets {rC+ rN+ rCorr Dex+2}
rCorr    +         Harm     .   P - +2 pair of gloves {Str+3}
MR       +++++                  x - +2 pair of boots {run}
Stlth    ..........             i - amulet of Guohan {Inacc rF+++ rC+ MR-}
HPRegen  0.00/turn              d - ring of Springtime {EV-3 Str+5 Slay+3}
MPRegen  0.14/turn              I - ring "Ibbaxt" {rPois rC+ rN+ Str+3}

@: mighty, agile, non-regenerating, quick
A: damage resistance, heal wounds, claws 1, fangs 1, talons 1, rugged brown
scales 1, yellow scales 1, low mp 1, negative energy resistance 1, sense
surroundings 3, weak 1, no regeneration
0: Orb of Zot
}: 4/15 runes: decaying, serpentine, slimy, silver
a: Heal Wounds, Minor Destruction, Lesser Servant of Makhleb, Major Destruction,
Greater Servant of Makhleb, Renounce Religion


You escaped.
You worshipped Makhleb.
Makhleb was exalted by your worship.
You were not hungry.

You visited 12 branches of the dungeon, and saw 58 of its levels.
You visited 1 ziggurat, and saw 8 of its levels.
You also visited: Ice Cave and Desolation.

You collected 10118 gold pieces.
You spent 9389 gold pieces at shops.

Inventory:

Hand Weapons
 a - the +8 mithril axe "Arga" (weapon) {speed, MR+}
   (You took it off a deep elf annihilator on level 4 of the Vaults)

   Attacks with this weapon are significantly faster.
   It affects your resistance to hostile enchantments.
 c - the +8 trident of Keoxtot {holy, rPois rC+ rN+}
   (You found it on level 5 of the Lair of Beasts)

   It has been blessed by the Shining One to cause great damage to the undead
   and demons.
   It protects you from cold.
   It protects you from poison.
   It protects you from negative energy.
Missiles
 n - 95 boomerangs
 t - 44 javelins
 K - 17 silver javelins (quivered)
 L - 3 throwing nets
Armour
 b - the +8 plate armour of the Gastropod (worn) {MR+++ MP-9 Slay+6 SInv}
   (You found it on level 3 of the Elven Halls)

   It affects your accuracy and damage with ranged weapons and melee attacks
   (+6).
   It affects your resistance to hostile enchantments.
   It affects your magic capacity (-9).
   It lets you see invisible.
 x - a +2 pair of boots of running (worn)
 G - a +8 large shield of protection (worn)
 M - the +3 cloak of Trumpets (worn) {rC+ rN+ rCorr Dex+2}
   (You bought it in a shop on level 1 of the Elven Halls)

   It affects your dexterity (+2).
   It protects you from cold.
   It protects you from negative energy.
   It provides partial protection from all sources of acid and corrosion.
 P - a +2 pair of gloves of strength (worn)
 Q - the +3 hat of Suosuwk (worn) {rPois rC- Dex+5}
   (You bought it in a shop on level 2 of the Orcish Mines)

   It affects your dexterity (+5).
   It makes you vulnerable to cold.
   It protects you from poison.
Jewellery
 d - the ring of Springtime (left hand) {EV-3 Str+5 Slay+3}
   (You bought it in a shop on level 2 of the Orcish Mines)

   [ring of evasion]

   It affects your evasion (-3).
   It affects your strength (+5).
   It affects your accuracy and damage with ranged weapons and melee attacks
   (+3).
 i - the amulet of Guohan (around neck) {Inacc rF+++ rC+ MR-}
   (You bought it in a shop on level 2 of the Snake Pit)

   [amulet of inaccuracy]

   It reduces the accuracy of all your attacks.
   It renders you almost immune to fire.
   It protects you from cold.
   It affects your resistance to hostile enchantments.
 o - an uncursed amulet of rage
 I - the ring "Ibbaxt" (right hand) {rPois rC+ rN+ Str+3}
   (You found it on level 3 of the Crypt)

   [ring of positive energy]

   It affects your strength (+3).
   It protects you from cold.
   It protects you from poison.
   It protects you from negative energy.
Wands
 h - a wand of iceblast (38)
 p - a wand of enslavement (11)
 u - a wand of acid (25)
 B - a wand of scattershot (7)
 H - a wand of flame (14)
 X - a wand of clouds (4)
 Y - a wand of disintegration (13)
Scrolls
 e - a scroll of silence
 j - 27 scrolls of teleportation
 q - 2 scrolls of enchant armour
 s - 12 scrolls of fog
 v - 2 scrolls of summoning
 w - 12 scrolls of identify
 C - 6 scrolls of immolation
 E - 19 scrolls of blinking
 F - 17 scrolls of remove curse
 R - 9 scrolls of fear
Potions
 g - 7 potions of might
 k - 19 potions of curing
 l - 4 potions of magic
 m - 18 potions of heal wounds
 r - 10 potions of haste
 z - 5 potions of ambrosia
 A - 2 potions of agility
 N - 3 potions of cancellation
 O - 6 potions of resistance
 V - 11 potions of invisibility
 W - 3 potions of berserk rage
Miscellaneous
 y - a lamp of fire
 D - 5 boxes of beasts
 J - a phial of floods
 S - 5 phantom mirrors
 T - a fan of gales
 U - 3 sacks of spiders
 Z - a lightning rod (4/4)
Comestibles
 f - 85 rations


   Skills:
 + Level 23.6 Fighting
 - Level 18.7(20.0) Axes
 - Level 11.3(14.9) Polearms
 - Level 16.0 Throwing
 - Level 22.0 Armour
 - Level 20.0 Dodging
 - Level 23.0 Shields
 - Level 10.2 Translocations
 + Level 15.9 Invocations
 + Level 18.9 Evocations


You had 25 spell levels left.
You knew the following spells:

 Your Spells              Type           Power        Failure   Level  Hunger
a - Apportation           Tloc           ###...       1%          1    ##.....

Your spell library contained the following spells:

 Spells                   Type           Power        Failure   Level  Hunger
 Blink                    Tloc           N/A          2%          2    ###....
 Gell's Gravitas          Tloc           ###.......   5%          3    ####...
 Lesser Beckoning         Tloc           ###.......   5%          3    ####...
 Teleport Other           Tloc           ###.....     5%          3    ####...
 Shroud of Golubria       Chrm/Tloc      ##....       22%         2    ###....
 Portal Projectile        Hex/Tloc       ##....       41%         3    ####...
 Recall                   Summ/Tloc      N/A          41%         3    ####...
 Animate Skeleton         Necr           N/A          75%         1    ##.....
 Beastly Appendage        Tmut           #.....       75%         1    ##.....
 Confusing Touch          Hex            #.....       75%         1    ##.....
 Corona                   Hex            #......      75%         1    ##.....
 Flame Tongue             Conj/Fire      #....        75%         1    ##.....
 Infusion                 Chrm           #...         75%         1    ##.....
 Magic Dart               Conj           #...         75%         1    ##.....
 Pain                     Necr           #...         75%         1    ##.....
 Sandblast                Erth           #.....       75%         1    ##.....
 Shock                    Conj/Air       #...         75%         1    ##.....
 Sting                    Conj/Pois      #...         75%         1    ##.....
 Summon Butterflies       Summ           #.......     75%         1    ##.....
 Summon Small Mammal      Summ           #...         75%         1    ##.....
 Force Lance              Conj/Tloc      ##......     82%         4    #####..
 Call Imp                 Summ           #.......     87%         2    ###....
 Corpse Rot               Necr           N/A          87%         2    ###....
 Ensorcelled Hibernation  Hex/Ice        #.....       87%         2    ###....
 Passwall                 Tmut/Erth      #.......     87%         2    ###....
 Poisonous Vapours        Pois/Air       #.....       87%         2    ###....
 Searing Ray              Conj           #.....       87%         2    ###....
 Slow                     Hex            #.......     87%         2    ###....
 Sticks to Snakes         Tmut           #.......     87%         2    ###....
 Sublimation of Blood     Necr           #.........   87%         2    ###....
 Swiftness                Chrm/Air       #.......     87%         2    ###....
 Throw Flame              Conj/Fire      #.....       87%         2    ###....
 Throw Frost              Conj/Ice       #.....       87%         2    ###....
 Dispersal                Tloc           ###.......   95%         6    #######
 Call Canine Familiar     Summ           #.......     98%         3    ####...
 Confuse                  Hex            #.......     98%         3    ####...
 Conjure Flame            Conj/Fire      #.......     98%         3    ####...
 Dazzling Spray           Conj/Hex       #.....       98%         3    ####...
 Inner Flame              Hex/Fire       #.......     98%         3    ####...
 Mephitic Cloud           Conj/Pois/Air  #.......     98%         3    ####...
 Ozocubu's Armour         Chrm/Ice       #.......     98%         3    ####...
 Spectral Weapon          Hex/Chrm       #.......     98%         3    ####...
 Spider Form              Tmut/Pois      #.........   98%         3    ####...
 Static Discharge         Conj/Air       #.......     98%         3    ####...
 Stone Arrow              Conj/Erth      #.....       98%         3    ####...
 Summon Guardian Golem    Hex/Summ       #.......     98%         3    ####...
 Tukima's Dance           Hex            #.......     98%         3    ####...
 Vampiric Draining        Necr           #.........   98%         3    ####...
 Summon Forest            Summ/Tloc      ##........   99%         5    ######.
 Airstrike                Air            #.........   100%        4    #####..
 Animate Dead             Necr           N/A          100%        4    #####..
 Cause Fear               Hex            #.........   100%        4    #####..
 Fulminant Prism          Conj/Hex       #.........   100%        4    #####..
 Ice Form                 Ice/Tmut       #.......     100%        4    #####..
 Iskenderun's Mystic Bla  Conj           #.......     100%        4    #####..
 Leda's Liquefaction      Hex/Erth       #.........   100%        4    #####..
 Olgreb's Toxic Radiance  Pois           #.......     100%        4    #####..
 Petrify                  Tmut/Erth      #.......     100%        4    #####..
 Sticky Flame             Conj/Fire      #.......     100%        4    #####..
 Summon Ice Beast         Ice/Summ       #.......     100%        4    #####..
 Summon Lightning Spire   Summ/Air       #.......     100%        4    #####..
 Agony                    Necr           #.......     100%        5    ######.
 Alistair's Intoxication  Tmut/Pois      #.......     100%        5    ######.
 Aura of Abjuration       Summ           #.........   100%        5    ######.
 Blade Hands              Tmut           #.........   100%        5    ######.
 Bolt of Draining         Conj/Necr      #.........   100%        5    ######.
 Bolt of Magma            Conj/Fire/Erth #.........   100%        5    ######.
 Borgnjor's Vile Clutch   Necr/Erth      #.........   100%        5    ######.
 Dispel Undead            Necr           #.......     100%        5    ######.
 Excruciating Wounds      Chrm/Necr      #.........   100%        5    ######.
 Fireball                 Conj/Fire      #.........   100%        5    ######.
 Irradiate                Conj/Tmut      #.........   100%        5    ######.
 Iskenderun's Battlesphe  Conj/Chrm      #.......     100%        5    ######.
 Lee's Rapid Deconstruct  Erth           #.........   100%        5    ######.
 Lightning Bolt           Conj/Air       #.........   100%        5    ######.
 Metabolic Englaciation   Hex/Ice        #.........   100%        5    ######.
 Silence                  Hex/Air        #.........   100%        5    ######.
 Summon Mana Viper        Hex/Summ       #.......     100%        5    ######.
 Venom Bolt               Conj/Pois      #.........   100%        5    ######.
 Yara's Violent Unravell  Hex/Tmut       #.........   100%        5    ######.
 Bolt of Cold             Conj/Ice       #.........   100%        6    #######
 Bolt of Fire             Conj/Fire      #.........   100%        6    #######
 Conjure Ball Lightning   Conj/Air       #.........   100%        6    #######
 Darkness                 Hex            #.........   100%        6    #######
 Death Channel            Necr           #.........   100%        6    #######
 Deflect Missiles         Chrm/Air       #.........   100%        6    #######
 Freezing Cloud           Conj/Ice/Air   #.........   100%        6    #######
 Hydra Form               Tmut           #.........   100%        6    #######
 Invisibility             Hex            #.......     100%        6    #######
 Iron Shot                Conj/Erth      #.........   100%        6    #######
 Ozocubu's Refrigeration  Ice            #.........   100%        6    #######
 Shadow Creatures         Summ           N/A          100%        6    #######
 Simulacrum               Ice/Necr       #.........   100%        6    #######
 Statue Form              Tmut/Erth      #........    100%        6    #######
 Dragon Form              Tmut           #.........   100%        7    #######
 Orb of Destruction       Conj           #.........   100%        7    #######
 Ring of Flames           Chrm/Fire      #.........   100%        7    #######
 Spellforged Servitor     Conj/Summ      #.........   100%        7    #######
 Summon Hydra             Summ           #.........   100%        7    #######
 Controlled Blink         Tloc           N/A          100%        8    #######
 Disjunction              Tloc           ###.......   100%        8    #######
 Dragon's Call            Summ           #.........   100%        9    #######
 Tornado                  Air            #.........   100%        9    #######
 Passage of Golubria      Tloc           Unusable     N/A         4    N/A

Dungeon Overview and Level Annotations

Branches:
Dungeon (15/15)            Temple (1/1) D:5            Lair (6/6) D:10
  Swamp (4/4) Lair:4        Snake (4/4) Lair:3        Slime (5/5) Lair:5
    Orc (2/2) D:11            Elf (3/3) Orc:2        Vaults (5/5) D:14
  Crypt (3/3) Vaults:2       Tomb (0/3) Crypt:3      Depths (5/5) D:15
    Zot (5/5) Depths:5      IceCv (visited)         Desolation (visited)

Altars:
Ashenzari
Cheibriados
Dithmenos
Hepliaklqana
Kikubaaqudgha
Makhleb
Nemelex Xobeh
Qazlal
Ru
Sif Muna
Uskayaw
Vehumet
Xom
Yredelemnul
Zin
The Shining One
Beogh
Jiyva

Shops:
D:4 !   D:5 *[:[%   D:6 %   D:12 (   D:15 !   Orc:2 =**([   Elf:1 ::[?
Elf:2 }   Snake:2 =}}%::!*   Depths:4 (

Portals:
Hell: Depths:1 Depths:2 Depths:3 Depths:4 Depths:5
Abyss: Depths:1 Depths:4
Pandemonium: Depths:3

Annotations:
D:9 1 runed translucent door, Maelson's ghost, novice TrMo
D:10 exclusion: obsidian statue
D:15 1 runed translucent door
Lair:3 exclusion: 2 oklob plants
Lair:4 3 runed translucent doors, KoboldVaak's ghost, journeyman KoWz
Crypt:1 3 runed translucent doors


Innate Abilities, Weirdness & Mutations

You are resistant to damage.
You can heal yourself by infusing magical energy.
You resist negative energy. (rN+)
You passively map a large area around you.
You do not regenerate.
You have sharp fingernails.
You have very sharp teeth.
You have sharp toenails.
You are partially covered in rugged brown scales. (AC +1, +3% HP)
You are partially covered in yellow scales. (AC +2)
Your magical capacity is low. (-10% MP)
You are weak. (Str -2)


Message History

You kill the Ice Fiend!
Makhleb accepts your kill.
You feel better.
No target in view!
No target in view!
There is a stone staircase leading up here.
You climb upwards.
There is a stone staircase leading down here.
Your extra speed is starting to run out.
You feel yourself slow down.
There is an open door here.
There is a dry fountain here.
There is a staircase leading out of the dungeon here.
Unknown command.
Unknown command.
Unknown command.
Unknown command.
Char dumped successfully.
You can't go down here!
You have escaped!

#.......# #[##'#.# #.# ........#
###.##.#####.## #......##
#...#...# #...# ##.##.##
#...#...# #...####### #.##.#
#...#...# #...#.....#
#.##.#####..##...####.##.###.###
#.##.#..#####..⌠..######.# #....
#.##.#.##.............##.#######
#.##.#.'.....⌠.@.⌠.....'......##
#.##.#.##.............##.#.##.##
##.##.#.######..⌠..######.#.##.##
.............##...### #...##.##
#######.#######...#.# ###......
#.# #...#(#######.##... #.#
#...#............## #.#
##.##########.##.## #.# ##'#
#.##.##


There were no monsters in sight!

Vanquished Creatures
  the Royal Jelly (Slime:5)
  7 ancient liches
  3 orbs of fire (Zot:5)
  Mennas (Crypt:1)
  Mara (Vaults:5)
  The ghost of Nyubb the Impregnable, a veteran MiGl of Hepliaklqana (Crypt:3)
  Frederick (Crypt:1)
  12 Killer Klowns
  Saint Roka (Snake:4)
  3 caustic shrikes (Depths:4)
  2 curse toes
  16 golden dragons
  3 pandemonium lords
  Nikola (Vaults:2)
  The ghost of vegansnacktivist the Executioner, an adept DDFi of Makhleb (Vaults:4)
  2 electric golems (Zot:5)
  7 liches
  A Brimstone Fiend (D:14)
  An iron giant (Zig:8)
  A Hell Sentinel (D:11)
  14 tentacled monstrosities
  2 Ice Fiends
  A shard shrike skeleton (Crypt:1)
  29 Orb Guardians
  3 titans
  3 deep elf blademasters
  Asterion (Snake:3)
  Jorgrun (D:15)
  2 quicksilver dragons
  Frances (Elf:1)
  8 death cobs
  6 ancient champions
  A sphinx (Vaults:5)
  14 acid blobs
  Kirke (Lair:4)
  9 tengu reavers
  7 shadow dragons
  9 thorn hunters
  3 draconian monks
  A storm dragon (shapeshifter) (Depths:3)
  Donald (Crypt:1)
  A daeva (D:2)
  7 nagarajas
  16 storm dragons
  4 fire giants
  4 revenants
  14 azure jellies
  A frost giant (shapeshifter) (Depths:3)
  8 frost giants
  2 caustic shrike zombies
  5 draconian knights
  4 draconian scorchers
  A ghost moth (shapeshifter) (Depths:3)
  5 orc warlords
  2 balrugs
  8 deep elf sorcerers
  13 vault wardens
  5 ghost moths
  2 draconian shifters
  5 curse skulls
  3 imperial myrmidons (Desolation)
  5 deep elf elementalists (Elf:3)
  11 ironheart preservers
  4 reapers
  The ghost of Caalel the Bludgeoner, a journeyman MiBe of Trog (Lair:5)
  8 ghouls (Crypt:1)
  4 draconian stormcallers
  7 draconian annihilators
  A juggernaut skeleton (Zig:6)
  5 war gargoyles (Depths:3)
  17 very ugly things
  16 stone giants
  15 green draconians
  10 vampire knights
  9 red draconians
  3 entropy weavers
  Nessos (Lair:4)
  2 deep elf demonologists (Elf:3)
  14 deep elf annihilators
  12 black draconians
  A dire elephant (D:15)
  12 yellow draconians
  11 white draconians
  10 purple draconians
  A halazid warlock (Desolation)
  6 eidola
  11 crystal guardians
  5 deep elf death magi
  A blizzard demon (Depths:3)
  9 ettins
  A merfolk javelineer (Depths:1)
  5 death oozes (Slime:5)
  4 fire dragons
  8 jiangshi
  12 yaktaur captains
  A quicksilver dragon zombie (Crypt:2)
  A fire dragon (shapeshifter) (Depths:3)
  Fannar (D:10)
  A merfolk impaler (Depths:1)
  9 great orbs of eyes
  4 deep elf high priests
  5 servants of whispers (Desolation)
  26 hydras
  6 rakshasas
  14 naga warriors
  10 ragged hierophants (Desolation)
  34 vault guards
  A quicksilver dragon skeleton (Crypt:1)
  A hell beast (Depths:1)
  5 ice dragons
  5 peacekeepers (Desolation)
  A catoblepas (shapeshifter) (Depths:3)
  9 anacondas
  A spriggan air mage (Depths:2)
  A catoblepas (D:15)
  15 ogre magi
  A shambling mangrove (Swamp:1)
  A two-headed ogre (shapeshifter) (Depths:3)
  An alligator snapping turtle (shapeshifter) (Depths:3)
  12 centaur warriors
  54 two-headed ogres
  13 alligators
  An alligator (shapeshifter) (Depths:3)
  4 death knights
  2 deep troll shamans (Depths:2)
  16 death yaks
  7 tengu warriors
  2 deep troll earth magi (Depths:2)
  41 dancing weapons
  4 orc high priests
  5 naga sharpshooters
  8 vampire magi
  A spriggan berserker (Depths:2)
  10 shock serpents
  A wretched star (Zig:1)
  3 soul eaters
  A storm dragon zombie (Crypt:2)
  4 sun demons
  A spectral death yak (Lair:5)
  3 shadow wraiths
  26 deep elf knights
  50 skeletal warriors
  2 salamander mystics
  A sixfirhy (D:2)
  2 anaconda zombies
  A storm dragon skeleton (Crypt:2)
  10 deep elf archers
  4 glowing orange brains
  An unseen horror (D:11)
  An infernal demonspawn (D:2)
  7 deep trolls
  3 large abominations
  3 obsidian statues (Depths:3)
  9 flayed ghosts
  2 shadow dragon zombies
  15 swamp dragons
  Pikel (D:5)
  3 spriggan druids
  5 naga ritualists
  15 phantasmal warriors
  6 wizards
  An orange crystal statue (Zig:1)
  16 ironbrand convokers
  9 harpies
  A fire giant zombie (Depths:2)
  A wolf spider zombie (D:15)
  A lindwurm (Lair:6)
  72 deep elf magi
  3 golden dragon skeletons
  20 orc knights
  10 mana vipers
  7 orc sorcerers
  2 shining eyes (shapeshifter) (Depths:3)
  A stone giant zombie (Depths:2)
  A frost giant zombie (Crypt:1)
  2 manticores
  5 wolf spiders
  2 mana vipers (shapeshifter) (Depths:3)
  7 salamanders
  9 cyclopes
  16 necromancers
  A sphinx skeleton (Vaults:4)
  13 shining eyes
  28 ugly things
  A moth of wrath (shapeshifter) (Vaults:5)
  A shadow dragon skeleton (Crypt:2)
  9 elephants
  2 fire giant skeletons
  Maurice (D:11)
  20 moths of wrath
  A black mamba (shapeshifter) (Vaults:2)
  3 apocalypse crabs (Zig:8)
  7 naga magi
  2 rust devils
  7 vault sentinels
  A water nymph (shapeshifter) (D:15)
  A frost giant skeleton (Depths:1)
  6 centaur zombies
  32 black mambas
  7 guardian serpents
  4 eyes of devastation
  9 molten gargoyles
  4 gargoyles
  3 ice statues (Zig:1)
  25 spiny frogs
  2 catoblepas zombies
  An elf skeleton (Depths:1)
  2 efreet
  2 rime drakes
  5 spectral swamp worms (Depths:4)
  An elf zombie (Depths:2)
  34 yaktaurs
  A yaktaur zombie (Vaults:4)
  2 demonic crawlers
  9 komodo dragons
  A spriggan zombie (Depths:2)
  2 rime drakes (shapeshifter)
  A swamp worm zombie (Crypt:2)
  An anaconda simulacrum (Crypt:2)
  A spriggan skeleton (Depths:2)
  5 freezing wraiths
  A hellwing (Zot:3)
  4 guardian mummies (Zig:6)
  18 trolls
  3 meliai (Lair:5)
  A merfolk (shapeshifter) (Vaults:2)
  5 tengu conjurers
  A troll (shapeshifter) (Depths:5)
  A meliai (shapeshifter) (Zig:8)
  A wind drake (shapeshifter) (Vaults:4)
  4 jumping spiders
  A queen ant zombie (Crypt:1)
  2 queen bees
  14 polar bears
  9 tyrant leeches
  8 hornets
  58 saltlings (Desolation)
  A fire dragon zombie (Depths:1)
  24 blink frogs
  120 slime creatures
  A jumping spider zombie (Crypt:3)
  11 bog bodies
  A slime creature (shapeshifter) (Depths:3)
  A snapping turtle (shapeshifter) (Zig:8)
  A fire giant simulacrum (Vaults:2)
  5 hippogriffs
  2 spectral black mambas (Lair:5)
  8 spriggans
  25 flying skulls
  A black mamba zombie (Crypt:2)
  4 vampires
  9 air elementals
  7 redbacks
  5 fire elementals
  7 wyverns
  8 wraiths
  5 hogs
  21 water elementals
  4 shadows
  2 ushabtiu (Zig:6)
  A steam dragon (Lair:6)
  53 yaks
  A yak (shapeshifter) (D:14)
  5 basilisks
  A spectral komodo dragon (Lair:5)
  20 humans
  A tyrant leech zombie (Crypt:1)
  Grum (D:8)
  A chaos spawn (Zig:8)
  2 hungry ghosts
  7 golden eyes
  14 vampire mosquitoes
  A catoblepas simulacrum (Lair:5)
  51 nagas
  13 swamp worms
  7 wargs
  2 acid dragons
  27 insubstantial wisps
  A tengu zombie (Depths:2)
  13 water moccasins
  A monstrous demonspawn skeleton (Crypt:2)
  4 hell hounds (Lair:6)
  A floating eye (shapeshifter) (Vaults:5)
  12 porcupines
  3 sky beasts
  16 swamp drakes
  3 black bears (D:10)
  3 ice beasts
  72 orc warriors
  3 slaves (D:5)
  A blink frog zombie (Crypt:2)
  5 necrophages
  6 phantoms
  3 eyes of draining
  A fire dragon simulacrum (Crypt:2)
  12 centaurs
  3 elephant zombies (Lair:5)
  18 wolves
  35 ogres
  8 crocodiles
  A snapping turtle skeleton (Crypt:3)
  A crocodile (shapeshifter) (D:15)
  A big kobold (D:13)
  21 bullfrogs
  An octopode zombie (Crypt:3)
  7 earth elementals
  2 komodo dragon skeletons
  A spiny frog simulacrum (Lair:5)
  4 wyvern zombies
  3 scorpions
  A warg skeleton (Crypt:1)
  11 wights
  47 killer bees
  A manticore simulacrum (Crypt:2)
  A snapping turtle simulacrum (Crypt:2)
  A troll skeleton (Crypt:2)
  3 howler monkeys
  5 electric eels
  5 crimson imps
  4 bullfrog zombies
  3 lava snakes (Lair:6)
  8 hounds
  A basilisk zombie (Lair:5)
  29 orc priests
  2 centaur skeletons
  A gnoll shaman (D:10)
  6 jellies
  30 orc wizards
  2 bullfrog skeletons
  An iron imp (D:7)
  Jessica (D:2)
  3 iguanas
  14 human skeletons
  5 worker ants
  6 hell rats
  A sky beast zombie (Crypt:2)
  A hound zombie (D:5)
  An acid dragon skeleton (Crypt:3)
  A deep dwarf skeleton (Crypt:3)
  2 hound skeletons
  2 mummies (Zig:6)
  A worker ant zombie (D:6)
  11 gnolls
  9 adders
  8 shadow imps
  12 white imps (Lair:3)
  2 oozes
  An adder zombie (D:6)
  An adder skeleton (D:6)
  3 worms
  A dart slug (D:4)
  4 leopard geckos
  123 orcs
  8 bats
  4 giant cockroaches
  6 goblins
  8 hobgoblins
  6 jackals
  7 kobolds
  9 quokkas
  4 ball pythons
  2 ball python skeletons
  4 frilled lizards
  2 quokka skeletons
  A quokka zombie (D:6)
  4 rats
  A river rat skeleton (Crypt:1)
  A briar patch (Swamp:2)
  10 bushes (D:2)
  2 butterflies (Lair:3)
  2 fungi
  3 plants
2830 creatures vanquished.

Vanquished Creatures (collateral kills)
  A Killer Klown (Zot:5)
  An acid blob (Slime:3)
  A yellow draconian (Zot:5)
  2 shining eyes (Slime:3)
  A moth of wrath (Zot:5)
  An eye of draining (Slime:3)
7 creatures vanquished.

Vanquished Creatures (others)
  2 deep elf master archers (Elf:3)
  A deep elf sorcerer (Elf:3)
  A draconian knight (Zot:3)
  A war gargoyle (Depths:3)
  A stone giant (Depths:4)
  4 yaktaur captains
  6 naga sharpshooters
  5 deep elf archers
  A deep elf mage (Elf:3)
  3 cyclopes (Vaults:1)
  A moth of wrath (Zot:3)
  A naga mage (Snake:1)
  A black mamba (Snake:4)
  20 yaktaurs
  A tyrant leech (Swamp:4)
  A hornet (Swamp:3)
  A bog body (Swamp:1)
  A spriggan (Swamp:4)
  An ice beast (D:6)
  3 orc warriors (Orc:2)
  3 wolves (IceCv)
  A centaur (Vaults:2)
  A lava snake (Lair:6)
  An orc wizard (Vaults:4)
  9 ball lightnings (Depths:3)
  5 orcs
  A briar patch (Swamp:2)
  A bush (D:2)
  31 fungi
  18 plants
127 creatures vanquished.

Grand Total: 2964 creatures vanquished

Notes
Turn   | Place    | Note
-------+----------+-------------------------------------------
     0 | D:1      | TheDoctor the Deep Dwarf Fighter began the quest for the
                  | Orb.
     0 | D:1      | Reached XP level 1. HP: 20/20 MP: 1/1
   110 | D:1      | Reached XP level 2. HP: 21/27 MP: 2/2
   695 | D:2      | Found a shimmering blue altar of Sif Muna.
   803 | D:2      | Noticed Jessica
   808 | D:2      | Killed Jessica
   808 | D:2      | Reached XP level 3. HP: 21/33 MP: 3/3
   921 | D:2      | Reached XP level 4. HP: 23/40 MP: 4/4
  1617 | D:3      | Reached XP level 5. HP: 22/46 MP: 5/5
  2009 | D:3      | You fall into a shaft and drop 2 floors!
  2009 | D:5      | Entered Level 5 of the Dungeon
  2071 | D:5      | Found Lofiatzo's Food Emporium.
  2176 | D:5      | Found Boaklew's Armour Shoppe.
  2185 | D:5      | Bought a +0 pair of boots for 58 gold pieces
  2185 | D:5      | Bought a +0 pair of gloves for 58 gold pieces
  2226 | D:5      | Noticed a slave
  2283 | D:5      | Killed a slave
  2396 | D:5      | Found a staircase to the Ecumenical Temple.
  2408 | Temple   | Entered the Ecumenical Temple
  2449 | Temple   | Became a worshipper of Makhleb the Destroyer
  2484 | D:5      | Noticed a centaur
  2493 | D:5      | Killed a centaur
  2493 | D:5      | Reached skill level 5 in Armour
  2493 | D:5      | Reached skill level 5 in Shields
  2505 | D:5      | Found Xeru Ymo's Antique Armour Boutique.
  2552 | D:5      | Noticed a slave
  2851 | D:4      | Found Baog's Distillery.
  2854 | D:4      | Bought a potion of heal wounds for 55 gold pieces
  2854 | D:4      | Bought a potion of curing for 33 gold pieces
  2964 | D:4      | Found a shattered altar of Ashenzari.
  3197 | D:4      | Reached XP level 6. HP: 26/55 MP: 5/5
  3310 | D:4      | Reached skill level 1 in Evocations
  3645 | D:5      | Found Fumecwoa's Book Boutique.
  3732 | D:5      | Found Bago's Bounteous Boutique.
  3823 | D:5      | Noticed Pikel
  3848 | D:5      | Reached skill level 5 in Axes
  3864 | D:5      | Killed a slave
  3884 | D:5      | Reached XP level 7. HP: 37/61 MP: 6/6
  4147 | D:5      | Killed Pikel
  4147 | D:5      | Reached skill level 5 in Evocations
  4190 | D:6      | Reached XP level 8. HP: 50/68 MP: 9/9
  4219 | D:6      | Found a shadowy altar of Dithmenos.
  4281 | D:6      | Reached * piety under Makhleb
  4569 | D:6      | Found Vebaukhetom's Food Emporium.
  4669 | D:6      | Found a radiant altar of Vehumet.
  5107 | D:6      | Found a hazy altar of Hepliaklqana.
  5107 | D:6      | Found a hide-covered altar of Uskayaw.
  5804 | D:7      | Gained mutation: You passively map the area around you.
                  | [Deep Dwarf growth]
  5804 | D:7      | Reached XP level 9. HP: 43/79 MP: 10/10
  5913 | D:7      | Found a snail-covered altar of Cheibriados.
  6014 | D:7      | Reached ** piety under Makhleb
  6099 | D:7      | Reached skill level 5 in Fighting
  6860 | D:8      | Noticed a queen bee
  6896 | D:8      | Killed a queen bee
  7102 | D:8      | Noticed Grum
  7113 | D:8      | Killed Grum
  7113 | D:8      | Reached skill level 10 in Shields
  7113 | D:8      | Reached XP level 10. HP: 58/92 MP: 9/11
  7545 | D:5      | Bought a runed shield for 225 gold pieces
  7650 | D:9      | Found a runed translucent door.
  7728 | D:9      | Found a shimmering altar of Xom.
  7728 | D:9      | Found a shimmering altar of Xom.
  7729 | D:9      | Found a shimmering altar of Xom.
  7729 | D:9      | Found a shimmering altar of Xom.
  7730 | D:9      | Found a shimmering altar of Xom.
  7730 | D:9      | Found a shimmering altar of Xom.
  7983 | D:9      | Reached *** piety under Makhleb
  8100 | D:9      | Found a glowing silver altar of Zin.
  8179 | D:9      | You fall into a shaft and drop 1 floor!
  8179 | D:10     | Entered Level 10 of the Dungeon
  8179 | D:10     | Found a staircase to the Lair.
  8187 | D:10     | Noticed a two-headed ogre
  8419 | D:9      | Found a glowing golden altar of the Shining One.
  8667 | D:9      | Identified the +4 trident "Kejoz" {freeze, rF+ Int+5 Dex+8
                  | Stlth-}
  8669 | D:9      | Noticed Maelson's ghost (novice TrMo)
  8766 | D:10     | Killed a two-headed ogre
  8857 | D:10     | Noticed a two-headed ogre
  8876 | D:10     | Killed a two-headed ogre
  8941 | D:10     | Reached XP level 11. HP: 97/100 MP: 12/12
  9048 | D:10     | Found a stormy altar of Qazlal.
  9057 | D:10     | Noticed Fannar
  9090 | D:10     | Killed Fannar
  9090 | D:10     | Reached skill level 10 in Axes
  9147 | D:10     | Reached **** piety under Makhleb
  9260 | D:10     | Noticed an obsidian statue
  9408 | D:11     | Found a staircase to the Orcish Mines.
  9774 | D:11     | Reached skill level 10 in Evocations
  9796 | D:11     | Noticed a two-headed ogre
  9823 | Orc:1    | Entered Level 1 of the Orcish Mines
 10058 | Orc:1    | Found a runed translucent door.
 10476 | Orc:1    | Found a roughly hewn altar of Beogh.
 10645 | D:11     | Reached ***** piety under Makhleb
 10785 | D:11     | Killed a two-headed ogre
 11253 | D:11     | Noticed Maurice
 11269 | D:11     | Killed an unseen horror
 11280 | D:11     | Killed Maurice
 11869 | Lair:1   | Entered Level 1 of the Lair of Beasts
 11923 | Lair:1   | Noticed a seven-headed hydra
 12160 | D:12     | Noticed a two-headed ogre
 12182 | D:12     | Killed a two-headed ogre
 12182 | D:12     | Reached XP level 12. HP: 114/114 MP: 14/14
 12284 | D:12     | Found Kozug's Weapon Shoppe.
 13216 | Lair:1   | Killed a seven-headed hydra
 13449 | Lair:1   | Reached skill level 10 in Fighting
 15466 | Lair:3   | Found a frozen archway.
 15501 | IceCv    | Entered an ice cave
 15725 | IceCv    | Reached ****** piety under Makhleb
 15785 | IceCv    | Reached XP level 13. HP: 124/124 MP: 16/16
 16083 | IceCv    | Noticed a frost giant
 16137 | IceCv    | Killed a frost giant
 16762 | Lair:3   | Found a staircase to the Snake Pit.
 17363 | Lair:4   | Noticed Nessos
 17371 | Lair:4   | Killed Nessos
 17454 | Lair:4   | Noticed Kirke
 17476 | Lair:4   | Noticed a sphinx
 17745 | Lair:4   | Killed Kirke
 17818 | Lair:4   | Found a runed translucent gate.
 17818 | Lair:4   | Found a runed translucent gate.
 17818 | Lair:4   | Found a runed translucent gate.
 17820 | Lair:4   | Noticed KoboldVaak's ghost (journeyman KoWz)
 17958 | Lair:4   | Found a staircase to the Swamp.
 18494 | Lair:5   | Gained mutation: You resist negative energy. (rN+) [Deep
                  | Dwarf growth]
 18494 | Lair:5   | Reached XP level 14. HP: 133/133 MP: 18/18
 18644 | Lair:5   | Found a runed translucent door.
 18644 | Lair:5   | Found a viscous altar of Jiyva.
 18644 | Lair:5   | Found a staircase to the Slime Pits.
 18811 | Lair:5   | Got a fine trident
 18914 | Lair:5   | Found a runed translucent gate.
 18914 | Lair:5   | Found a runed translucent gate.
 19539 | Lair:5   | Found a runed translucent gate.
 19541 | Lair:5   | Noticed Caalel's ghost (journeyman MiBe)
 19748 | Lair:5   | Identified the +8 trident of Keoxtot {holy, rPois rC+ rN+}
                  | (You found it on level 5 of the Lair of Beasts)
 19775 | Lair:5   | Killed Caalel's ghost
 19822 | Lair:6   | Entered Level 6 of the Lair of Beasts
 19853 | Lair:5   | Reached skill level 15 in Shields
 20432 | Lair:6   | Reached skill level 10 in Armour
 20847 | Lair:6   | Found a large runed translucent door.
 20848 | Lair:6   | Found a large runed translucent door.
 21031 | Lair:6   | Reached skill level 15 in Axes
 21096 | Lair:6   | Reached skill level 15 in Evocations
 21900 | D:13     | Reached XP level 15. HP: 123/140 MP: 19/19
 22349 | D:13     | Reached skill level 1 in Throwing
 23112 | D:13     | Identified the ring of Safeh {Str+4 Stlth-}
 23254 | D:13     | Identified Advanced Steps in Thaumaturgy
 24135 | D:14     | Found a gate to the Vaults.
 24159 | D:14     | Reached skill level 5 in Throwing
 24686 | D:15     | Entered Level 15 of the Dungeon
 25145 | D:15     | Found a staircase to the Depths.
 25174 | D:15     | Reached XP level 16. HP: 148/152 MP: 20/20
 25310 | D:15     | Noticed Jorgrun
 25324 | D:15     | Killed Jorgrun
 25387 | D:15     | Found Lymothruk's Distillery.
 25605 | D:15     | Found a runed translucent door.
 26112 | Orc:2    | Entered Level 2 of the Orcish Mines
 26130 | Orc:2    | Found a staircase to the Elven Halls.
 26488 | Orc:2    | Found Neviulish's General Store.
 26897 | Orc:2    | Found Asa Rah's Jewellery Emporium.
 26943 | Orc:2    | Found Jaepir's Assorted Antiques.
 27110 | Orc:2    | Found Widur's Antique Armour Shoppe.
 27185 | Orc:2    | Found Zeivelio's Antique Weapon Shoppe.
 27486 | Orc:2    | Bought a glowing scarf for 184 gold pieces
 27539 | Orc:2    | Bought the cursed ring of Springtime {EV-3 Str+5 Slay+3}
                  | for 345 gold pieces
 27557 | Orc:2    | Bought a lamp of fire for 920 gold pieces
 27590 | Orc:2    | Bought a potion of mutation for 144 gold pieces
 27738 | Snake:1  | Entered Level 1 of the Snake Pit
 27824 | Snake:1  | Reached skill level 1 in Polearms
 28008 | Snake:1  | You fall into a shaft and drop 1 floor!
 28025 | Snake:2  | Found Idala's Book Shoppe.
 28048 | Snake:2  | Found Vycial's Food Shop.
 28051 | Snake:2  | Found Kelucs's Gadget Shop.
 28947 | Snake:2  | Found Mier's General Store.
 28952 | Snake:2  | Found Ogineeh's Book Shop.
 29289 | Snake:2  | Found Eloiradu's Distillery.
 29459 | Snake:2  | Found Imexupti's Jewellery Shoppe.
 29459 | Snake:2  | Found Rapydoechu's Gadget Shop.
 29650 | Snake:3  | Reached XP level 17. HP: 132/164 MP: 21/21
 29831 | Snake:3  | Noticed Asterion
 29845 | Snake:3  | Killed Asterion
 29885 | Snake:3  | Got a twisted ring mail
 29886 | Snake:3  | Identified the +6 ring mail of the Ecumenical Temple {rElec
                  | Dex+4} (You found it on level 3 of the Snake Pit)
 30822 | Snake:4  | Entered Level 4 of the Snake Pit
 31086 | Snake:4  | Reached skill level 10 in Throwing
 31309 | Snake:4  | Noticed Saint Roka
 32078 | Snake:4  | Killed Saint Roka
 32488 | Snake:4  | Got a serpentine rune of Zot
 32715 | Swamp:1  | Entered Level 1 of the Swamp
 32995 | Swamp:1  | Reached skill level 15 in Fighting
 33108 | Swamp:1  | Gained mutation: You passively map a large area around you.
                  | [Deep Dwarf growth]
 33108 | Swamp:1  | Reached XP level 18. HP: 178/178 MP: 21/21
 33120 | Swamp:1  | Found a basalt altar of Yredelemnul.
 33744 | Swamp:2  | Identified a scroll of acquirement
 34041 | Swamp:2  | Reached skill level 15 in Armour
 35893 | Swamp:4  | Entered Level 4 of the Swamp
 36018 | Swamp:4  | Reached skill level 1 in Dodging
 36668 | Swamp:4  | Reached skill level 5 in Dodging
 36793 | Swamp:4  | Got a decaying rune of Zot
 37365 | Vaults:1 | Entered Level 1 of the Vaults
 37515 | Elf:1    | Entered Level 1 of the Elven Halls
 37943 | Elf:1    | Found Utekawetz's Armour Boutique.
 38005 | Elf:1    | Reached XP level 19. HP: 186/186 MP: 23/23
 38427 | Elf:1    | Noticed Frances
 38439 | Elf:1    | Killed Frances
 38491 | Elf:1    | Found Qutolov's Magic Scroll Emporium.
 38574 | Elf:1    | Found Tinam's Book Emporium.
 38589 | Elf:1    | Found a radiant altar of Vehumet.
 38621 | Elf:1    | Found Mabox's Book Boutique.
 39042 | Elf:2    | Found a huge runed translucent gate.
 39042 | Elf:2    | Found a huge runed translucent gate.
 39042 | Elf:2    | Found a huge runed translucent gate.
 39042 | Elf:2    | Found a huge runed translucent gate.
 39042 | Elf:2    | Found a huge runed translucent gate.
 39138 | Elf:2    | Found Usmyd's Gadget Shoppe.
 39143 | Elf:2    | Bought a wand of iceblast (1) for 70 gold pieces
 40034 | Elf:2    | Reached skill level 10 in Dodging
 40211 | Elf:3    | Entered Level 3 of the Elven Halls
 40308 | Elf:2    | Reached skill level 1 in Invocations
 41079 | Elf:3    | Reached skill level 5 in Invocations
 41578 | Elf:3    | Reached XP level 20. HP: 194/194 MP: 24/24
 41660 | Elf:3    | Identified the +8 plate armour of the Gastropod {MR+++ MP-9
                  | Slay+6 SInv}
 41756 | Elf:3    | Identified the +4 morningstar of the Common Good {drain,
                  | rPois Str+2}
 41762 | Elf:3    | Identified the +8 morningstar "Orb Guardian's Foe"
                  | {antimagic, Dex+2}
 41948 | Elf:3    | Identified the Handbook of Self-Knowledge
 43209 | Elf:1    | Bought a +1 pair of boots of running for 511 gold pieces
 43209 | Elf:1    | Bought the +3 cloak of Trumpets {rC+ rN+ rCorr Dex+2} for
                  | 665 gold pieces
 43545 | Vaults:1 | Got a bloodstained chain mail
 43597 | D:14     | Identified the +6 chain mail of Morality {rPois Str+5} (You
                  | found it on level 1 of the Vaults)
 44522 | Vaults:1 | Reached skill level 5 in Polearms
 45017 | Snake:2  | Bought the amulet of Guohan {Inacc rF+++ rC+ MR-} for 619
                  | gold pieces
 47122 | Vaults:2 | Identified the cursed -4 pair of gloves "Arefos" {*Slow
                  | rElec MP+9 Int+3 Dex+6}
 47122 | Vaults:2 | Noticed Nikola
 47161 | Vaults:2 | Killed Nikola
 47964 | Vaults:2 | Found a staircase to the Crypt.
 47964 | Vaults:2 | Found an ancient bone altar of Kikubaaqudgha.
 47965 | Vaults:2 | Found a basalt altar of Yredelemnul.
 48090 | Vaults:3 | Reached XP level 21. HP: 201/201 MP: 16/25
 48341 | Vaults:3 | Reached skill level 10 in Polearms
 48385 | Vaults:3 | Found a ruined gateway.
 48399 | Desolati | Entered the Desolation of Salt
 48552 | Desolati | Identified Sasaq's Guide on the Damaging Snowflakes
 48682 | Desolati | Identified the Almanac of Ice and the Escort
 49076 | Desolati | Got a crude platinum ring
 49470 | Desolati | Got a crude scale mail
 49492 | Desolati | Got dazzling acid dragon scales
 49502 | Desolati | Identified the ring of Xuilooje {rPois rC- MP+9 Str+6
                  | Stlth+} (You found it in the Desolation of Salt)
 49647 | D:14     | Identified the +1 scale mail of Dramatic Exits {*Contam rC+
                  | MR+} (You found it in the Desolation of Salt)
 49653 | D:14     | Identified the cursed +1 acid dragon scales of the Sun {rC+
                  | MR- rCorr Dex+3} (You found it in the Desolation of Salt)
 51180 | Vaults:4 | Reached XP level 22. HP: 213/213 MP: 17/26
 52102 | Vaults:4 | Found a runed translucent gate.
 52102 | Vaults:4 | Found a runed translucent gate.
 52102 | Vaults:4 | Found a runed translucent gate.
 52104 | Vaults:4 | Noticed vegansnacktivist's ghost (adept DDFi)
 52824 | Vaults:4 | Killed vegansnacktivist's ghost
 53315 | Slime:1  | Entered Level 1 of the Pits of Slime
 53406 | Slime:1  | You fall into a shaft and drop 1 floor!
 53598 | Slime:3  | Gained mutation: You occasionally shout uncontrollably at
                  | your foes. [a shining eye]
 53716 | Slime:2  | Gained mutation: You are clumsy. (Dex -2) [a shining eye]
 54854 | Slime:3  | Lost mutation: You are clumsy. (Dex -2) [a shining eye]
 54856 | Slime:3  | Gained mutation: You are dopey. (Int -2) [a shining eye]
 54860 | Slime:3  | Gained mutation: You are frail. (-10% HP) [a shining eye]
 55228 | Slime:5  | Entered Level 5 of the Pits of Slime
 55237 | Slime:5  | Reached skill level 15 in Throwing
 55450 | Slime:5  | Found a viscous altar of Jiyva.
 55450 | Slime:5  | Noticed the Royal Jelly
 55502 | Slime:5  | Killed the Royal Jelly
 55562 | Slime:5  | Identified Tipom's Collected Works on Assistive Combat
                  | Magic
 55643 | Slime:5  | Got a slimy rune of Zot
 55676 | Slime:5  | Got a transparent trident
 55682 | Slime:5  | Got a pitted iron amulet
 55685 | Slime:5  | Identified Ziwk's Handbook of Flight and Heat
 55710 | Slime:5  | Identified the Catalogue of Unstable Slavery
 55713 | Slime:5  | Identified Wozuw's Almanac of Curses and the Voyage
 55747 | Slime:5  | Identified the amulet of Lithoem {RegenMP +Fly rPois Str+3}
                  | (You found it on level 5 of the Pits of Slime)
 55748 | Slime:5  | Identified the +6 trident of Liaz Nat {speed, *Noise rPois
                  | Str+7 Dex+3} (You found it on level 5 of the Pits of Slime)
 55750 | Slime:5  | Got a translucent plate armour
 55761 | Slime:5  | Identified the +17 plate armour of Complete Protection {MR-
                  | rCorr Str-4 Int+8} (You found it on level 5 of the Pits of
                  | Slime)
 55859 | Slime:5  | Gained mutation: Armour fits poorly on your strangely
                  | shaped body. [a shining eye]
 55861 | Slime:5  | Gained mutation: You are clumsy. (Dex -2) [a shining eye]
 55872 | Slime:5  | Reached XP level 23. HP: 203/203 MP: 18/27
 56661 | Vaults:5 | Entered Level 5 of the Vaults
 58224 | Vaults:5 | Identified Umao's Almanac of Poison and Sinister Arts
 58289 | Vaults:5 | Got a warped glass ring
 58290 | Vaults:5 | Identified the ring "Mufrump" {rPois rC- Str+4 Dex+5
                  | Stlth+} (You found it on level 5 of the Vaults)
 58578 | Vaults:5 | Identified the Volume of Shifting Venom
 58783 | Vaults:5 | Identified the Collected Works on Enchanting Venom
 59163 | Vaults:5 | Got a silver rune of Zot
 59307 | Vaults:5 | Got a shimmering scale mail
 59308 | Vaults:5 | Identified the cursed +1 scale mail "Pumudwaf" {rF+ Str+4}
                  | (You found it on level 5 of the Vaults)
 59422 | Vaults:5 | Noticed Mara
 59432 | Vaults:5 | Noticed TheDoctor's illusion
 59438 | Vaults:5 | Killed Mara
 59438 | Vaults:5 | Reached XP level 24. HP: 214/216 MP: 18/27
 60041 | Crypt:1  | Entered Level 1 of the Crypt
 61368 | D:14     | Lost mutation: Armour fits poorly on your strangely shaped
                  | body. [potion of mutation]
 61368 | D:14     | Lost mutation: You are dopey. (Int -2) [potion of mutation]
 61368 | D:14     | Gained mutation: You are partially covered in yellow
                  | scales. (AC +2) [potion of mutation]
 61368 | D:14     | Gained mutation: You are weak. (Str -2) [potion of
                  | mutation]
 61368 | D:14     | Gained mutation: You have a pair of small horns on your
                  | head. [potion of mutation]
 61369 | D:14     | Lost mutation: You are frail. (-10% HP) [potion of
                  | mutation]
 61369 | D:14     | Lost mutation: You occasionally shout uncontrollably at
                  | your foes. [potion of mutation]
 61369 | D:14     | Lost mutation: You are weak. (Str -2) [potion of mutation]
 61369 | D:14     | Gained mutation: You are frail. (-10% HP) [potion of
                  | mutation]
 61369 | D:14     | Gained mutation: You have sharp fingernails. [potion of
                  | mutation]
 61370 | D:14     | Lost mutation: You are frail. (-10% HP) [potion of
                  | mutation]
 61370 | D:14     | Lost mutation: You are clumsy. (Dex -2) [potion of
                  | mutation]
 61370 | D:14     | Gained mutation: You have sharp toenails. [potion of
                  | mutation]
 61370 | D:14     | Gained mutation: You have very sharp teeth. [potion of
                  | mutation]
 61524 | Orc:2    | Bought an embroidered hat for 175 gold pieces
 61852 | Crypt:1  | Noticed Donald
 61875 | Crypt:1  | Killed Donald
 61924 | Crypt:1  | Found a runed translucent gate.
 61924 | Crypt:1  | Found a runed translucent gate.
 61925 | Crypt:1  | Found a runed translucent gate.
 62038 | Crypt:1  | Noticed Mennas
 62067 | Crypt:1  | Killed Mennas
 62482 | Snake:2  | Bought a manual of Fighting for 1766 gold pieces
 63198 | Crypt:1  | Noticed Frederick
 63205 | Crypt:1  | Killed Frederick
 64109 | Crypt:2  | Got a dazzling helmet
 64111 | Crypt:2  | Identified the cursed +0 helmet of the Beginning {*Corrode
                  | rF+ MR+ Str+2} (You found it on level 2 of the Crypt)
 64626 | Crypt:3  | Entered Level 3 of the Crypt
 64918 | Crypt:3  | Found the +7 great mace "Undeadhunter" {disrupt, rN+}
 65104 | Crypt:3  | Found the +3 giant club "Skullcrusher" {speed, Str+7}
 65230 | Crypt:3  | Found a runed translucent door.
 65230 | Crypt:3  | Found a shimmering altar of Xom.
 65230 | Crypt:3  | Noticed Nyubb's ghost (veteran MiGl)
 65352 | Crypt:3  | Killed Nyubb's ghost
 65352 | Crypt:3  | Reached XP level 25. HP: 259/259 MP: 18/27
 65449 | Crypt:3  | Noticed an ancient lich
 65549 | Crypt:3  | Killed an ancient lich
 65549 | Crypt:3  | Reached skill level 10 in Invocations
 65565 | Crypt:3  | Identified the Reference Book on the Quantum Snowflakes
 65587 | Crypt:3  | Got a fine bone ring
 65587 | Crypt:3  | Got a transparent gossamer ring
 65587 | Crypt:3  | Got a pitted bronze ring
 65588 | Crypt:3  | Identified the ring "Vosez" {+Blink rN+ Int+2 Dex-4 SInv}
                  | (You found it on level 3 of the Crypt)
 65589 | Crypt:3  | Identified the ring of Secrets {rPois rN+ MR+ Int-2 Dex+4}
                  | (You found it on level 3 of the Crypt)
 65590 | Crypt:3  | Identified the ring "Ibbaxt" {rPois rC+ rN+ Str+3} (You
                  | found it on level 3 of the Crypt)
 65830 | Crypt:3  | Found a staircase to the Tomb.
 66109 | Depths:1 | Entered Level 1 of the Depths
 66263 | Depths:1 | Found a gateway to Hell.
 66853 | Depths:1 | Found a one-way gate to the infinite horrors of the Abyss.
 67236 | Depths:2 | Found a gateway to a ziggurat.
 67621 | Depths:3 | Gained mutation: Scrolls take you a little longer to read.
                  | [a shining eye]
 67736 | Depths:3 | Identified Masuab's Almanac of Damaging Flames
 67798 | Depths:3 | Found a one-way gate leading to the halls of Pandemonium.
 67802 | Depths:3 | Identified the Incunabulum of Mutagenic Poisoning
 67883 | Depths:3 | Got a jewelled broad axe
 67886 | Depths:3 | Identified the +6 broad axe of Cowardice {chop, Dex+3} (You
                  | found it on level 3 of the Depths)
 67947 | Depths:3 | Identified the Collected Works on Evil
 68480 | Depths:3 | Learned a level 1 spell: Apportation
 68482 | Depths:3 | Lost mutation: Scrolls take you a little longer to read.
                  | [potion of mutation]
 68482 | Depths:3 | Lost mutation: You have a pair of small horns on your head.
                  | [potion of mutation]
 68482 | Depths:3 | Gained mutation: Your magical capacity is low. (-10% MP)
                  | [potion of mutation]
 68482 | Depths:3 | Gained mutation: You are partially covered in rugged brown
                  | scales. (AC +1, +3% HP) [potion of mutation]
 68608 | Depths:4 | Reached skill level 1 in Translocations
 68627 | Depths:4 | Found Ofuul's Weapon Emporium.
 68748 | Depths:4 | Reached skill level 15 in Invocations
 69159 | Depths:4 | Reached XP level 26. HP: 281/281 MP: 14/23
 69260 | Depths:4 | Reached skill level 5 in Translocations
 69333 | Depths:4 | Got a brightly glowing steel amulet
 69334 | Depths:4 | Identified the amulet of Dawn {Inacc +Fly Dex+3 SInv} (You
                  | found it on level 4 of the Depths)
 69920 | Depths:5 | Entered Level 5 of the Depths
 70155 | Depths:5 | Found a gate to the Realm of Zot.
 70370 | Depths:5 | Found a sparkling altar of Nemelex Xobeh.
 70677 | Zig:1    | Entered Level 1 of a ziggurat
 70736 | Zig:2    | Entered Level 2 of a ziggurat
 70767 | Zig:3    | Entered Level 3 of a ziggurat
 70808 | Zig:4    | Entered Level 4 of a ziggurat
 70866 | Zig:4    | Got an encrusted mace
 70867 | Zig:4    | Identified the +6 mace "Rarhos" {pain, *Slow rPois Str+6
                  | Stlth+} (You found it on level 4 of a ziggurat)
 70875 | Zig:5    | Entered Level 5 of a ziggurat
 70931 | Zig:5    | Got a fine morningstar
 70932 | Zig:5    | Identified the +4 morningstar "Vufuk" {elec, rC+ Int+2}
                  | (You found it on level 5 of a ziggurat)
 70938 | Zig:6    | Entered Level 6 of a ziggurat
 71023 | Zig:6    | Reached skill level 10 in Translocations
 71023 | Zig:6    | Reached XP level 27. HP: 290/290 MP: 14/23
 71030 | Zig:7    | Entered Level 7 of a ziggurat
 71036 | Zig:7    | Noticed an ancient lich
 71041 | Zig:7    | Killed an ancient lich
 71099 | Zig:8    | Entered Level 8 of a ziggurat
 71109 | Zig:8    | Noticed Ynoqessymoc the pandemonium lord
 71144 | Zig:8    | Killed Ynoqessymoc the pandemonium lord
 71802 | Snake:2  | Bought a scroll of enchant armour for 127 gold pieces
 72024 | D:4      | Bought 2 potions of might for 88 gold pieces
 72024 | D:4      | Bought a potion of curing for 33 gold pieces
 72024 | D:4      | Bought a potion of might for 44 gold pieces
 72024 | D:4      | Bought 2 potions of curing for 66 gold pieces
 72024 | D:4      | Bought a potion of curing for 33 gold pieces
 72024 | D:4      | Bought a potion of haste for 110 gold pieces
 72024 | D:4      | Bought a potion of might for 44 gold pieces
 72024 | D:4      | Bought 3 potions of ambrosia for 264 gold pieces
 72284 | D:15     | Bought a potion of heal wounds for 70 gold pieces
 72284 | D:15     | Bought a potion of might for 56 gold pieces
 72284 | D:15     | Bought a potion of curing for 42 gold pieces
 72456 | Orc:2    | Bought a potion of curing for 69 gold pieces
 72456 | Orc:2    | Bought a potion of curing for 69 gold pieces
 72456 | Orc:2    | Bought a potion of heal wounds for 115 gold pieces
 72489 | Orc:2    | Bought a scroll of blinking for 135 gold pieces
 72489 | Orc:2    | Bought the +3 hat of Suosuwk {rPois rC- Dex+5} for 606 gold
                  | pieces
 72661 | Snake:2  | Bought a potion of curing for 42 gold pieces
 72661 | Snake:2  | Bought a potion of haste for 140 gold pieces
 72661 | Snake:2  | Bought a potion of heal wounds for 70 gold pieces
 72661 | Snake:2  | Bought a potion of agility for 56 gold pieces
 72661 | Snake:2  | Bought a potion of resistance for 140 gold pieces
 72661 | Snake:2  | Bought 2 potions of invisibility for 224 gold pieces
 72661 | Snake:2  | Bought a potion of resistance for 140 gold pieces
 72661 | Snake:2  | Bought a potion of resistance for 140 gold pieces
 72861 | D:5      | Bought a scroll of blinking for 112 gold pieces
 73002 | Elf:1    | Bought a scroll of blinking for 127 gold pieces
 73178 | Snake:2  | Bought a wand of clouds (2) for 324 gold pieces
 73378 | D:5      | Bought a potion of berserk rage for 75 gold pieces
 74476 | Zot:1    | Entered Level 1 of the Realm of Zot
 76565 | Zot:3    | Identified the Volume of Creation
 77062 | Zot:4    | Reached skill level 15 in Dodging
 77959 | Zot:5    | Entered Level 5 of the Realm of Zot
 78101 | Zot:5    | Noticed an ancient lich
 78102 | Zot:5    | Noticed an orb of fire
 78110 | Zot:5    | Gained mutation: You are weak. (Str -2) [an orb of fire]
 78112 | Zot:5    | Noticed an ancient lich
 78114 | Zot:5    | Noticed an ancient lich
 78259 | Zot:5    | Noticed an ancient lich
 78275 | Zot:5    | Killed an ancient lich
 78312 | Zot:5    | Noticed an orb of fire
 78334 | Zot:5    | Killed an orb of fire
 78382 | Zot:5    | Killed an orb of fire
 78692 | Zot:5    | Killed an ancient lich
 78729 | Zot:5    | Killed an ancient lich
 78757 | Zot:5    | Noticed an ancient lich
 78761 | Zot:5    | Killed an ancient lich
 78782 | Zot:5    | Killed an ancient lich
 79095 | Zot:5    | Noticed an orb of fire
 79105 | Zot:5    | Killed an orb of fire
 79266 | Zot:5    | Got the Orb of Zot
 79359 | Zot:3    | Noticed Piolocwe the pandemonium lord
 79387 | Zot:3    | Killed Piolocwe the pandemonium lord
 80137 | D:2      | Noticed Edabuu the pandemonium lord
 80181 | D:2      | Killed Edabuu the pandemonium lord
 80231 | D:$      | Escaped with the Orb!

Levels and vault maps discovered:
D:1:      evilmike_arrival_plus, layout_loops_ring
D:2:      layout_rooms, overflow_temple_1_default, first_ration,
          minmay_hedge_maze, kennysheep_boxes, uniq_jessica
D:3:      layout_basic, ebering_dispersal_statue_hall
D:4:      layout_gridville, nicolae_ashenzari_panopticon, serial_shops,
          kennysheep_mini, solitary_fountain
D:5:      layout_basic, minmay_temple_entry_water_ring, serial_shops,
          shop_statue, nicolae_shop_crystal, shop_fountains, shop,
          nicolae_alphabet_shops, uniq_pikel
D:6:      layout_gridville, nicolae_dithmenos_the_darkroom,
          gammafunk_temple_overflow_elements, fiery_altar_vehumet, serial_shops,
          shop_fountains
D:7:      wad_pebble_path, layout_basic, slow_altar_1
D:8:      layout_basic, david_nohive_1, uniq_grum
D:9:      layout_irregular_city, xom_redecorated, tso_metal_star,
          overflow_temple_1_default, ebering_ghost_funeral_grove
D:10:     layout_rooms, due_lair_maze_entry_diamond, minivault_16,
          lemuel_statue_altar, uniq_fannar
D:11:     layout_layer_cave, orc_0_dummy, uniq_maurice
D:12:     layout_basic, serial_shops, nicolae_shop_window_shopping
D:13:     minmay_the_grid_triangle_9x9_rhombus_full
          [minmay_the_grid_triangle_9x9_longest,
          minmay_the_grid_triangle_9x9_empty,
          minmay_the_grid_triangle_9x9_negative_grid,
          minmay_the_grid_triangle_9x9_minimal,
          minmay_the_grid_triangle_9x9_alien,
          minmay_the_grid_triangle_9x9_odd_lines,
          minmay_the_grid_triangle_9x9_semitri,
          minmay_the_grid_triangle_9x9_prize_center], layout_long_grid
D:14:     layout_stronghold, grunt_vaults_entry_tiered,
          chequers_serial_rivers_marsh, minmay_fractal_squares_diagonal_5
D:15:     hangedman_depths_entry_try_elsewhere_first, layout_long_grid,
          serial_shops, shop, minmay_misc_feat_enclosed, minmay_st_funbox,
          minivault_14, uniq_jorgrun
Temple:   minmay_temple_forest_path
Lair:1:   layout_layer_cave
Lair:2:   layout_cave_pods
Lair:3:   layout_misc_corridors, minmay_snake_entry_spellcaster,
          portal_ice_cave_entry_imps, lemuel_fruit_fields, lemuel_fruit_tree,
          minmay_lair_oklob_chamber
Lair:4:   layout_hall_layers, minmay_swamp_entry_eels, gammafunk_ghost_split,
          uniq_nessos, uniq_kirke
Lair:5:   pond_and_an_island_with_a_cottage, layout_loops_ring, slime_altar_2,
          special_room [special_room_bee], gammafunk_ghost_necromancy
Lair:6:   cheibrodos_lair_end_hotspot, layout_long_grid
Swamp:1:  layout_basic_swamp, serial_swamp_ruin, evilmike_swamp_ruin_house_4,
          evilmike_swamp_ruin_rubble_2, evilmike_swamp_ruin_house_6,
          swamp_pool5, hangedman_swamp_pad, grunt_ruined_hall
Swamp:2:  layout_basic_swamp, hangedman_swamp_ruin_wall, swamp_pool2
Swamp:3:  layout_basic_swamp, evilmike_swamp_ruin_house_2,
          infiniplex_staircase_pool
Swamp:4:  swamp_basic_johnstein, layout_basic_swamp
Snake:1:  layout_cave_pods
Snake:2:  layout_misc_corridors, serial_shops, shop, shop, nicolae_shop_stone,
          shop_statue, shop_fountains, minmay_shop_grove
Snake:3:  layout_honeycomb, uniq_asterion
Snake:4:  minmay_snake_end_coiled, layout_rooms, uniq_saint_roka
Slime:1:  layout_caves
Slime:2:  layout_caves, cheibrodos_slime_lost_civilization_5
Slime:3:  layout_caves
Slime:4:  layout_caves
Slime:5
Orc:1:    layout_caves, lightli_church_of_beogh
Orc:2:    grunt_orc_gardens, layout_caves, grunt_orc_garden, grunt_orc_garden,
          grunt_orc_garden, grunt_orc_garden, serial_shops, shop
Elf:1:    eino_elf_arrival_the_gate, layout_gridlike, basic_altar, serial_shops,
          shop, shop, shop_statue, shop, hangedman_corner_corridor,
          palyth_stone_intersect, minivault_5, uniq_frances
Elf:2:    layout_geoelf_octagon, serial_shops, shop, minmay_misc_feat_cross
Elf:3:    minmay_elf_hall_statues, layout_loops_ring
Vaults:1: ontoclasm_vaults_decontamination, nicolae_vaults_angled_halls,
          grunt_vaults_hallway_long, grunt_vaults_hallway_long,
          hangedman_vaults_slice, vaults_standard_mumra_lines,
          ontoclasm_vaults_chip, nicolae_vaults_what_the_h, special_room_vaults
          [special_room_orc], layout_vaults_ring
Vaults:2: nicolae_vaults_fighting_squares, grunt_vaults_diagonal,
          minmay_crypt_entry_necro_gods, v_pattern_3, hangedman_vaults_nails,
          dpeg_vaults_monster_row, ontoclasm_vaults_misaligned,
          nicolae_vaults_sealed_display, ontoclasm_vaults_ring_square,
          layout_vaults_omnibox, uniq_nikola
Vaults:3: ontoclasm_vaults_misaligned, v_misc_9, v_misc_24,
          grunt_vaults_trifunnel, vaults_room_corners, v_misc_3,
          ontoclasm_vaults_claustrophobia, nicolae_vaults_network_star,
          vaults_dpeg_ring, vaults_room_fancy_cross, v_misc_27,
          ontoclasm_vaults_pinch, vaults_room_pools, layout_vaults_big_room,
          portal_desolation_entry_garden
Vaults:4: gammafunk_vaults_ghost_spectres, v_alt_pattern_1,
          nicolae_vaults_little_squares_5, nicolae_vaults_little_squares_6,
          v_pattern_2, ontoclasm_vaults_spin, hangedman_vaults_cutoff,
          hangedman_vaults_slice, vaults_room_door_ring,
          nicolae_vaults_specimen_jars, layout_vaults_quadrants
Vaults:5: serial_shops, uniq_mara
Crypt:1:  layout_basic, pandoras_box_mu, uniq_donald, uniq_frederick,
          uniq_mennas
Crypt:2:  hangedman_staggered_hall, layout_chaotic_city, minivault_4,
          st_stairs_6
Crypt:3:  david_glass_crypt, layout_gridlike, nicolae_tomb_entry_rubble_hallway,
          ebering_ghost_xom, nicolae_crypt_cryptocurrency,
          minmay_guarded_unrand_skullcrusher
Depths:1: layout_gridlike, hangedman_decor_lopped, lightli_too_deep,
          abyss_entry_crystal, minivault_14, drop_trap, serial_bayou_lagoon_a,
          grunt_decor_one_mirror, minmay_three_doors
Depths:2: nooodl_glass_maze, layout_basic, enter_ziggurat_a,
          minmay_misc_feat_nine_boxes, hell_entry,
          infiniplex_staircase_pillars_1
Depths:3: radiant_caverns_a_rkd, hell_entry, pan_entry, serial_shops
Depths:4: kennysheep_large_spiral, layout_gridville, serial_sigils,
          serial_sigils_hangedman_quiver, serial_sigils_hangedman_stare,
          serial_sigils_hangedman_carve, serial_sigils_hangedman_etch,
          serial_sigils_hangedman_gut, serial_sigils_hangedman_writhe,
          serial_shops, nicolae_shop_trees, pf_hell_entry_tar_river,
          abyss_entry, hangedman_decor_growths
Depths:5: grunt_crosshair, layout_cave_pools, hangedman_decor_slide_cut,
          hell_entry, nemelex_diamond_rough_becter
Zot:1:    layout_misc_corridors
Zot:2:    layout_basic
Zot:3:    grunt_zot_stairs_faceoff, layout_cathedral_of_symmetry
Zot:4:    layout_cathedral_of_symmetry, hangedman_zot_decor_scrapings
Zot:5:    layout_misc_corridors, skrybe_zot_glass_2

Skill      XL: |  1  2  3  4  5  6  7  8  9 10 11 12 13 14 15 16 17 18 19 20 21 22 23 24 25 26 27 |
---------------+----------------------------------------------------------------------------------+-----
Axes           | 3 4 5 6 8 9 11 12 13 15 16 18 | 18.7
Armour         | 4 5 8 10 12 14 15 18 21 22 | 22.0
Shields        | 4 5 7 8 10 11 12 13 14 15 16 17 18 20 23 | 23.0
Evocations     | 3 5 6 8 10 11 13 15 17 18 | 18.9
Fighting       | 4 6 7 9 10 12 13 15 16 17 19 21 23 | 23.6
Throwing       | 6 9 10 12 13 15 16 | 16.0
Polearms       | 1 8 11 | 11.3
Dodging        | 6 10 20 | 20.0
Invocations    | 5 8 15 | 15.9
Translocations | 3 10 | 10.2

Action                   |  1- 3 |  4- 6 |  7- 9 | 10-12 | 13-15 | 16-18 | 19-21 | 22-24 | 25-27 || total
-------------------------+-------+-------+-------+-------+-------+-------+-------+-------+-------++-------
Melee: War axe           |    65 |   320 |   513 |   991 |  1616 |   357 |       |       |       ||  3862
       Flail             |       |       |       |     8 |    37 |       |       |       |       ||    45
       Trident           |       |       |       |       |   104 |  1634 |  2426 |  2488 |    32 ||  6684
       Demon whip        |       |       |       |       |       |       |     3 |       |       ||     3
       Headbutt          |       |       |       |       |       |       |       |   172 |   163 ||   335
       Bite              |       |       |       |       |       |       |       |    93 |   441 ||   534
       Broad axe         |       |       |       |       |       |       |       |    22 |  2056 ||  2078
Throw: Stone             |     8 |     8 |     6 |     3 |       |       |       |       |       ||    25
       Boomerang         |       |       |       |       |    20 |   225 |   213 |    34 |    11 ||   503
       Javelin           |       |       |       |       |       |     7 |       |    40 |    83 ||   130
Invok: Greater Servant o |       |       |       |       |       |       |       |       |     3 ||     3
       Major Destruction |       |       |       |       |       |       |       |       |     1 ||     1
 Abil: Heal Wounds       |       |     4 |     6 |     4 |     6 |     3 |       |       |       ||    23
       Evoke Berserk Rag |       |       |       |    10 |    11 |     2 |       |       |       ||    23
       Evoke Invisibilit |       |       |       |       |       |     1 |       |       |       ||     1
Evoke: Wand              |       |       |     8 |    11 |     2 |    21 |    19 |     8 |     7 ||    76
       Phial of floods   |       |       |       |       |     1 |       |     1 |       |       ||     2
       Lamp of fire      |       |       |       |       |       |     2 |     1 |     1 |       ||     4
       Fan of gales      |       |       |       |       |       |     1 |       |       |       ||     1
       Sack of spiders   |       |       |       |       |       |       |       |     1 |     1 ||     2
       Box of beasts     |       |       |       |       |       |       |       |       |     1 ||     1
       Lightning rod     |       |       |       |       |       |       |       |       |     1 ||     1
  Use: Potion            |     1 |       |     1 |     2 |       |     6 |     2 |    13 |     9 ||    34
       Scroll            |       |     5 |     3 |     6 |     9 |    17 |     9 |    12 |    21 ||    82
 Stab: Paralysed         |       |       |     9 |       |     2 |    33 |       |    31 |     2 ||    77
       Invisible         |       |       |       |       |       |     8 |       |       |     4 ||    12
       Confused          |       |       |       |       |       |     1 |       |       |       ||     1
       Distracted        |       |       |       |       |       |       |       |       |     2 ||     2
  Eat: Chunk             |       |     7 |     9 |    35 |    36 |    16 |    16 |     8 |     9 ||   136
       Ration            |       |     1 |     1 |     2 |     2 |     9 |     8 |    10 |    11 ||    44
Armor: Scale mail        |    37 |    73 |       |       |       |       |       |       |       ||   110
       Plate armour      |       |    73 |   341 |   354 |   641 |   631 |   618 |   644 |   378 ||  3680
       Ring mail         |       |       |       |       |       |    81 |       |       |       ||    81
Dodge: Dodged            |    19 |    77 |   111 |   133 |   305 |   308 |   410 |   424 |   323 ||  2110
Block: Shield            |    38 |   186 |   352 |   703 |  1250 |  1952 |  1593 |  1606 |   486 ||  8166
       Reflection        |       |       |       |     5 |    35 |   132 |   148 |   108 |    25 ||   453
       Large shield      |       |       |       |       |       |       |   268 |       |   869 ||  1137
       Other             |       |       |       |       |       |       |     1 |       |       ||     1
